 Dungeon Crawl Stone Soup version 0.20.2-3-g29329e0561 (webtiles) character file.

99 Alfie the Shield-Bearer (level 4, -8/40 HPs)
             Began as a Hill Orc Fighter on Oct 24, 2023.
             Mangled by an ogre
             ... wielding a +0 giant spiked club
              (12 damage)
             ... on level 4 of the Dungeon.
             The game lasted 00:04:54 (1967 turns).

Alfie the Shield-Bearer (Hill Orc Fighter)          Turns: 1967, Time: 00:04:54

Health: -8/40      AC:  9    Str: 19    XL:     4   Next: 72%
Magic:  4/4        EV:  5    Int:  8    God:
Gold:   71         SH:  9    Dex: 10    Spells: 3/3 levels left

rFire    . . .     SeeInvis .   a - +0 rapier
rCold    . . .     Gourm    .   c - +0 shield
rNeg     + . .     Faith    .   n - +0 chain mail
rPois    .         Spirit   .   (no helmet)
rElec    .         Reflect  .   (no cloak)
rCorr    .         Harm     .   (no gloves)
MR       .....                  (no boots)
Stlth    ..........             (no amulet)
Regen    0.2/turn               o - ring of positive energy
MPRegen  0.1/turn               (no ring)

@: no status effects
A: no striking features
a: no special abilities


You were on level 4 of the Dungeon.
You were not hungry.

You visited 1 branch of the dungeon, and saw 4 of its levels.

You collected 71 gold pieces.

Inventory:

Hand Weapons
 a - a +0 rapier (weapon)
Armour
 c - a +0 shield (worn)
 n - a +0 chain mail (worn)
Jewellery
 o - a ring of positive energy (left hand)
Scrolls
 g - a scroll of amnesia {unknown}
 i - a scroll of identify
 k - a scroll of teleportation {unknown}
 l - a scroll of fog {unknown}
 m - a scroll of immolation {unknown}
 p - a scroll of random uselessness {unknown}
Potions
 b - 2 potions of heal wounds {unknown}
 d - a potion of might
 e - a potion of magic {unknown}
 h - a potion of curing {unknown}
 j - a potion of brilliance {unknown}
 q - a potion of agility {unknown}
Comestibles
 f - a bread ration
 r - a meat ration


   Skills:
 + Level 4.2 Fighting
 + Level 2.9 Short Blades
 + Level 3.7 Armour
 + Level 0.4 Dodging
 + Level 4.3 Shields


You had 3 spell levels left.
You didn't know any spells.

Dungeon Overview and Level Annotations

Branches:
Dungeon (4/15)
 Temple: D:4-7

Altars:
Nemelex Xobeh


Message History

You see here a leather armour.
Done exploring.
Done exploring.
There is a stone staircase leading down here.
You climb downwards.
Found 25 stones.
Found a stone staircase leading down.
There is a stone staircase leading up here.
An ogre comes into view. It is wielding a giant spiked club.
The ogre shouts!
Found 6 gold pieces.
Found a spear.
You completely miss the ogre.
The ogre hits you with a giant spiked club.
Your chain mail prevents you from hitting the ogre.
The ogre hits you with a giant spiked club!!
Ouch! That really hurt!
* * * LOW HITPOINT WARNING * * *
Your chain mail prevents you from hitting the ogre.
The ogre hits you with a giant spiked club!
You die...

#...# ...#########
#..#. ...#........
#....###$##......(.
.........##........
.........##...>....
#..........<.......
#.........#........
..........#........
#......@......##...
#......O.###..# ##
...#.....# .... ..
#...... .... .
#......# ...#.
##...... .......)
#...#..###


You could see an ogre.

Vanquished Creatures
  3 adders
  2 oozes
  A worm (D:2)
  A dart slug (D:1)
  3 leopard geckos
  A ball python (D:1)
  2 giant cockroaches
  7 goblins
  7 hobgoblins
  6 jackals
  A quokka (D:2)
  7 bats
  2 frilled lizards
  7 kobolds
  4 rats
54 creatures vanquished.

Vanquished Creatures (others)
  A frilled lizard (D:2)
1 creature vanquished.

Grand Total: 55 creatures vanquished

Notes
Turn   | Place    | Note
-------+----------+-------------------------------------------
     0 | D:1      | Alfie the Hill Orc Fighter began the quest for the Orb.
     0 | D:1      | Reached XP level 1. HP: 19/19 MP: 1/1
    44 | D:1      | Reached XP level 2. HP: 26/27 MP: 2/2
   192 | D:1      | Reached XP level 3. HP: 16/33 MP: 3/3
   836 | D:2      | Reached XP level 4. HP: 33/40 MP: 4/4
   885 | D:2      | Found a sparkling altar of Nemelex Xobeh.
  1960 | D:4      | Noticed an ogre
  1967 | D:4      | Mangled by an ogre

Skill      XL: |  1  2  3 |
---------------+----------+-----
Fighting       | 4 |  4.2
Shields        | 4 |  4.3
Short Blades   | |  2.9
Armour         | |  3.7
Dodging        | |  0.4

Action                   |  1- 3 |  4- 6 || total
-------------------------+-------+-------++-------
Melee: Rapier            |   151 |    71 ||   222
  Use: Scroll            |     1 |     3 ||     4
  Eat: Bread ration      |       |     1 ||     1
Armor: Scale mail        |    62 |       ||    62
       Chain mail        |    23 |    32 ||    55
Dodge: Dodged            |    51 |    13 ||    64
Block: Shield            |    96 |    39 ||   135
